 Dungeon Crawl Stone Soup version 0.22-a0-362-g535178c (webtiles) character file.

2911 Amnesiac the Nimble (level 9, -5/71 HPs)
             Began as a Mummy Necromancer on Apr 20, 2018.
             Slain by inmateoo's ghost (10 damage)
             ... on level 8 of the Dungeon.
             The game lasted 00:10:31 (7317 turns).

Amnesiac the Nimble (Mummy Necromancer)             Turns: 7317, Time: 00:10:32

Health: -5/71      AC:  9    Str: 12    XL:     9   Next: 49%
Magic:  27/27      EV: 14    Int: 17    God:
Gold:   229        SH:  0    Dex: 12    Spells: 16/20 levels left

rFire    x . .     SeeInvis .   a - +0 hunting sling
rCold    + . .     Gourm    .   (no shield)
rNeg     + + +     Faith    .   f - +0 ring mail
rPois    ∞         Spirit   .   i - +1 helmet
rElec    .         Reflect  .   n - +0 cloak
rCorr    .         Harm     .   (no gloves)
MR       +....                  q - +0 pair of boots (curse)
Stlth    +.........             (no amulet)
HPRegen  0.21/turn              j - ring of magical power
MPRegen  0.20/turn              (no ring)

@: no status effects
A: no food or potions, fire vulnerability, cold resistance 1, negative energy
resistance 3, torment resistance, unbreathing
a: no special abilities


You were on level 8 of the Dungeon.
You were not hungry.

You visited 2 branches of the dungeon, and saw 9 of its levels.

You collected 328 gold pieces.
You spent 99 gold pieces at shops.

Inventory:

Hand Weapons
 a - a +0 hunting sling (weapon)
 b - a +0 whip of electrocution
Missiles
 k - 28 stones (quivered)
Armour
 f - a +0 ring mail (worn)
 i - a +1 helmet (worn)
 n - a +0 cloak (worn)
 q - a cursed +0 pair of boots (worn)
Jewellery
 j - a ring of magical power (left hand)
Wands
 g - a wand of digging (11)
 h - a wand of random effects (16)
Scrolls
 c - 2 scrolls of enchant weapon {!r, unknown}
 d - a scroll of magic mapping {!r, unknown}
 e - 4 scrolls of teleportation {!r}
 m - 4 scrolls of remove curse {!r}
 o - a scroll of immolation {!r}
 p - 4 scrolls of blinking {!r}


   Skills:
 + Level 6.5 Fighting
 * Level 8.1 Dodging
 - Level 1.5 Stealth
 - Level 6.0 Spellcasting
 - Level 6.0 Necromancy


You had 16 spell levels left.
You knew the following spells:

 Your Spells              Type           Power        Failure   Level  Hunger
a - Pain                  Necr           ####         2%          1    N/A
d - Vampiric Draining     Necr           ####......   8%          3    N/A

Dungeon Overview and Level Annotations

Branches:
Dungeon (8/15)             Temple (1/1) D:4
   Lair: D:8-11

Altars:
Cheibriados
Dithmenos
Fedhas
Hepliaklqana
Nemelex Xobeh
Ru
Sif Muna
Trog
Uskayaw
Vehumet
Wu Jian
Zin
The Shining One

Shops:
D:5 [   D:6 %

Annotations:
D:5 torrenera's ghost, novice HOAK
D:8 inmateoo's ghost, novice GnTm


Innate Abilities, Weirdness & Mutations

You do not eat or drink.
Your flesh is vulnerable to fire.
You are immune to poison.
Your flesh is cold resistant. (rC+)
You are immune to negative energy. (rN+++)
You are immune to unholy pain and torment.
You can survive without breathing.


Message History

There is an open door here.
Evoke which item? (* to show all) (? for menu, Esc to quit)
Aiming: Enslavement
Press: ? - help, Shift-Dir - straight line, f/p - inmateoo's ghost
Aim: inmateoo's ghost (chance to defeat MR: 12%) Inmateoo's ghost resists with almost no effort.
Evoke which item? (* to show all) (? for menu, Esc to quit)
Aiming: Enslavement
Press: ? - help, Shift-Dir - straight line, f/p - inmateoo's ghost
Aim: inmateoo's ghost (chance to defeat MR: 12%) Inmateoo's ghost resists with almost no effort.
Inmateoo's ghost closely misses you.
Evoke which item? (* to show all) (? for menu, Esc to quit)
Aiming: Enslavement
Press: ? - help, Shift-Dir - straight line, f/p - inmateoo's ghost
Aim: inmateoo's ghost (chance to defeat MR: 12%) Inmateoo's ghost resists with almost no effort.
Inmateoo's ghost hits you but does no damage.
Evoke which item? (* to show all) (? for menu, Esc to quit)
Aiming: Enslavement
Press: ? - help, Shift-Dir - straight line, f/p - inmateoo's ghost
Aim: inmateoo's ghost (chance to defeat MR: 12%) Inmateoo's ghost resists with almost no effort.
Inmateoo's ghost hits you.
* * * LOW HITPOINT WARNING * * *
Evoke which item? (* to show all) (? for menu, Esc to quit)
Aiming: Enslavement
Press: ? - help, Shift-Dir - straight line, f/p - inmateoo's ghost
Aim: inmateoo's ghost (chance to defeat MR: 12%) Inmateoo's ghost resists with almost no effort.
Inmateoo's ghost hits you.
* * * LOW HITPOINT WARNING * * *
Evoke which item? (* to show all) (? for menu, Esc to quit)
Aiming: Enslavement
Press: ? - help, Shift-Dir - straight line, f/p - inmateoo's ghost
Aim: inmateoo's ghost (chance to defeat MR: 12%) Inmateoo's ghost resists with almost no effort.
Inmateoo's ghost barely misses you.
Evoke which item? (* to show all) (? for menu, Esc to quit)
Aiming: Enslavement
Press: ? - help, Shift-Dir - straight line, f/p - inmateoo's ghost
Aim: inmateoo's ghost (chance to defeat MR: 12%) Inmateoo's ghost resists with almost no effort.
Inmateoo's ghost hits you but does no damage.
Evoke which item? (* to show all) (? for menu, Esc to quit)
Aiming: Enslavement
Press: ? - help, Shift-Dir - straight line, f/p - inmateoo's ghost
Aim: inmateoo's ghost (chance to defeat MR: 12%) Inmateoo's ghost resists with almost no effort.
Inmateoo's ghost misses you.
Evoke which item? (* to show all) (? for menu, Esc to quit)
Aiming: Enslavement
Press: ? - help, Shift-Dir - straight line, f/p - inmateoo's ghost
Aim: inmateoo's ghost (chance to defeat MR: 12%) Inmateoo's ghost resists with almost no effort.
Inmateoo's ghost hits you.
* * * LOW HITPOINT WARNING * * *
Evoke which item? (* to show all) (? for menu, Esc to quit)
Aiming: Enslavement
Press: ? - help, Shift-Dir - straight line, f/p - inmateoo's ghost
Aim: inmateoo's ghost (chance to defeat MR: 12%) Inmateoo's ghost resists with almost no effort.
The now-empty wand crumbles to dust.
Inmateoo's ghost hits you!
You die...

#†.....# +......#
#...####
#...#######
#...(..#...#.....#
.......#...'.....#
.......#...#.....#
.......#...#.....#
.....(.#@..#.....#
......(#W#########
#....)........
#....(........
#....(...%....
#...(.........
#.....$.......
#.............
#.............


You could see inmateoo's ghost.

Vanquished Creatures
  Pikel (D:4)
  Grinder (D:5)
  Sigmund (D:3)
  A hungry ghost (D:7)
  Menkaure (D:5)
  3 ice beasts
  2 slaves (D:4)
  4 ogres
  2 phantoms
  2 centaurs
  3 bullfrogs (D:6)
  A howler monkey (D:5)
  A centaur skeleton (D:5)
  3 orc priests
  4 hounds
  3 orc wizards
  An iguana (D:4)
  7 worker ants
  7 adders
  A shadow imp (D:7)
  An ooze (D:3)
  An adder zombie (D:7)
  4 worms
  A dart slug (D:3)
  3 leopard geckos
  25 orcs
  3 ball pythons
  5 bats
  4 giant cockroaches
  5 goblins
  7 hobgoblins
  4 jackals
  4 kobolds
  2 quokkas
  6 frilled lizards
  3 rats
127 creatures vanquished.

Notes
Turn   | Place    | Note
-------+----------+-------------------------------------------
     0 | D:1      | Amnesiac the Mummy Necromancer began the quest for the Orb.
     0 | D:1      | Reached XP level 1. HP: 13/13 MP: 4/4
   253 | D:2      | Reached XP level 2. HP: 19/19 MP: 4/6
   595 | D:3      | Reached skill level 2 in Dodging
   618 | D:3      | Reached XP level 3. HP: 11/25 MP: 7/7
   623 | D:3      | Noticed a centaur
   629 | D:3      | Learned a level 3 spell: Vampiric Draining
   770 | D:3      | Reached skill level 1 in Fighting
   937 | D:3      | Reached XP level 4. HP: 32/32 MP: 6/9
  1164 | D:5      | Entered Level 5 of the Dungeon
  1211 | D:5      | Noticed an ogre
  1355 | D:4      | Found a staircase to the Ecumenical Temple.
  1381 | Temple   | Entered the Ecumenical Temple
  1689 | D:6      | Reached XP level 5. HP: 27/38 MP: 10/10
  1720 | D:7      | Reached skill level 3 in Dodging
  2030 | D:7      | Noticed a hungry ghost
  2069 | D:7      | Killed a hungry ghost
  2069 | D:7      | Reached XP level 6. HP: 27/46 MP: 12/12
  2168 | D:7      | Reached skill level 5 in Necromancy
  2308 | D:6      | Noticed an ice beast
  2320 | D:6      | Killed an ice beast
  2320 | D:6      | Reached skill level 4 in Dodging
  2320 | D:6      | Reached XP level 7. HP: 19/52 MP: 0/14
  2461 | D:6      | Reached skill level 5 in Spellcasting
  2702 | D:6      | Found a snail-covered altar of Cheibriados.
  2832 | D:4      | Found a shadowy altar of Dithmenos.
  2870 | D:5      | Reached skill level 5 in Dodging
  2870 | D:5      | Reached XP level 8. HP: 33/60 MP: 15/16
  2956 | D:5      | Noticed Grinder
  3048 | D:5      | Noticed Menkaure
  3062 | D:5      | Killed Menkaure
  3205 | D:3      | Noticed Sigmund
  3894 | D:3      | Killed Sigmund
  3894 | D:3      | Reached skill level 6 in Dodging
  4475 | D:4      | Reached skill level 5 in Fighting
  4492 | D:4      | Noticed Pikel
  4506 | D:4      | Killed Pikel
  4506 | D:4      | Reached skill level 7 in Dodging
  4506 | D:4      | Reached XP level 9. HP: 46/69 MP: 14/18
  4857 | D:5      | Found Kyeshraocs's Antique Armour Shop.
  4857 | D:5      | Noticed torrenera's ghost (novice HOAK)
  4863 | D:5      | Paralysed by Grinder for 6 turns
  5562 | D:5      | Paralysed by Grinder for 2 turns
  5575 | D:5      | Paralysed by Grinder for 4 turns
  5592 | D:5      | Killed Grinder
  5610 | D:5      | Bought a pair of boots for 99 gold pieces
  6350 | D:6      | Found Vaom's Food Emporium.
  7274 | D:8      | Reached skill level 8 in Dodging
  7288 | D:8      | Noticed inmateoo's ghost (novice GnTm)
  7317 | D:8      | Slain by inmateoo's ghost

Vault maps used:
D:1:      kennysheep_arrival_forest, nrook_loot_triangle
D:3:      uniq_sigmund
D:4:      minmay_temple_entry_hall, grunt_dithmenos_smoke, uniq_pikel
D:5:      serial_shops, shop, first_ration, uniq_grinder, uniq_menkaure
D:6:      kennysheep_little_box, dk_vineyard_3, kennysheep_small_circle
Temple:   nicolae_temple_no_exploring_needed

Skill      XL: |  1  2  3  4  5  6  7  8  9 |
---------------+----------------------------+-----
Spellcasting   | 3 4 5 6 |  6.0
Dodging        | 2 3 4 5 7 8 |  8.1
Fighting       | 1 2 3 5 6 |  6.5
Necromancy     | 5 6 |  6.0
Stealth        | |  1.5

Action                   |  1- 3 |  4- 6 |  7- 9 || total
-------------------------+-------+-------+-------++-------
Melee: Unarmed           |     7 |       |       ||     7
       Flail             |     5 |    40 |    42 ||    87
       Whip              |       |       |    25 ||    25
 Fire: Hunting sling     |    55 |       |   481 ||   536
 Cast: Pain              |    25 |   100 |    49 ||   174
       Vampiric Draining |       |       |    22 ||    22
Evoke: Wand              |       |       |    26 ||    26
  Use: Scroll            |       |     3 |     4 ||     7
Armor: Ring mail         |    21 |    59 |   163 ||   243
Dodge: Dodged            |    29 |   101 |   279 ||   409

Table legend:
 A = Spawn XP
 B = Non-spawn XP
 C = Spawn XP percentage of total XP
 D = Spawn monster count
 E = Non-spawn monster count
 F = Spawn count percentage of total count
 G = Total turns spent on level
                    A         B        C        D         E        F      G
               +---------+---------+-------+---------+---------+-------+---------
         Total |       0 |    4159 |   0.0 |       0 |     125 |   0.0 |  7317
               +---------+---------+-------+---------+---------+-------+---------
           D:1 |       0 |      10 |   0.0 |       0 |       7 |   0.0 |   248
           D:2 |       0 |      58 |   0.0 |       0 |      10 |   0.0 |   749
           D:3 |       0 |     529 |   0.0 |       0 |      38 |   0.0 |  1282
           D:4 |       0 |     831 |   0.0 |       0 |      10 |   0.0 |  1820
           D:5 |       0 |     892 |   0.0 |       0 |      17 |   0.0 |   916
           D:6 |       0 |    1056 |   0.0 |       0 |      25 |   0.0 |  1133
           D:7 |       0 |     518 |   0.0 |       0 |      14 |   0.0 |  1089
           D:8 |       0 |     265 |   0.0 |       0 |       4 |   0.0 |    77
               +---------+---------+-------+---------+---------+-------+---------
